cohdb
Replays
Latest Replays
All Replays
Popular Replays
Top Player Replays
Match Explorer
How It Works
Community
CoH3 Stats
Reddit
Sign in to upload your games and track your stats! →
Sign in with Steam
Match 47029700
Unlisted
Match 47029700
Overview
Messages
Build Orders
End
Pioneer Squad
Construct Infanterie Kompanie
Grenadier Squad
MG 42 Machine Gun Team
Grenadier Squad
Selects Breakthrough Battlegroup
Selects Assault Grenadiers
Medical Station
Construct Luftwaffe Kompanie
Infanterie Officer Quarters
Jäger Squad
Support Elements
MG 42 Bunker
Wirbelwind Flakpanzer
Cha
Jan van Diesel
NooJ
Sunset1982
0
0
Comments
sign in to comment!
No comments posted yet!